TOP OF THE 1ST |
El Paso Texans batting - Pitching for Savannah Hogs : RHP Landon Bailey
|
Pitching: RHP Landon Bailey
|
|
Batting: LHB Mark Spencer
|
0-0: Ball 1-0: Called Strike 1-1: Foul Ball, location: 2F 1-2: Fly out, F5 (Line Drive, 5S)
|
Batting: RHB Cole Boehmer
|
0-0: Ball 1-0: Ground out 5-3 (Groundball, 56)
|
Batting: RHB Marvin Johnson
|
0-0: Foul Ball, location: 2F 0-1: Ball 1-1: Foul Ball, location: 2F 1-2: Foul Ball, location: 2F 1-2: Strikes out swinging
|
Top of the 1st over - 0 run(s), 0 hit(s), 0 error(s), 0 left on base; El Paso 0 - Savannah 0 |
BOTTOM OF THE 1ST |
Savannah Hogs batting - Pitching for El Paso Texans : RHP Fernando Guzmán
|
Pitching: RHP Fernando Guzmán
|
|
Batting: LHB Robin Hill
|
0-0: Ball 1-0: Foul Ball, location: 2F 1-1: Ball 2-1: Ball 3-1: Fly out, F4 (Popup, 4)
|
Batting: RHB Jorge Chávez
|
0-0: Swinging Strike 0-1: Foul Ball, location: 2F 0-2: Strikes out swinging
|
Batting: RHB Henry Haines
|
0-0: Called Strike 0-1: Swinging Strike 0-2: Strikes out swinging
|
Bottom of the 1st over - 0 run(s), 0 hit(s), 0 error(s), 0 left on base; El Paso 0 - Savannah 0 |
TOP OF THE 2ND |
El Paso Texans batting - Pitching for Savannah Hogs : RHP Landon Bailey
|
Batting: RHB Rafael Crus
|
0-0: Ball 1-0: Swinging Strike 1-1: Ball 2-1: Foul Ball, location: 2F 2-2: Foul Ball, location: 2F 2-2: Ball 3-2: Foul Ball, location: 2F 3-2: Base on Balls
|
Batting: LHB John Fitzgerald
|
0-0: Ball 1-0: Foul Ball, location: 2F 1-1: Swinging Strike 1-2: Hit by Pitch Rafael Crus to second
|
Batting: RHB Javier Álvarez
|
0-0: Called Strike 0-1: Fly out, F2 (Popup, 15S)
|
Batting: RHB Andrew O'Dell
|
0-0: Ball Rafael Crus steals 3rd base John Fitzgerald to second 1-0: Swinging Strike 1-1: SINGLE (Line Drive, 9LS) Rafael Crus scores John Fitzgerald to third
|
Batting: RHB Gabriel Santana
|
0-0: Grounds into double play, 4-6-3 (Groundball, 4M)
|
Top of the 2nd over - 1 run(s), 1 hit(s), 0 error(s), 1 left on base; El Paso 1 - Savannah 0 |
BOTTOM OF THE 2ND |
Savannah Hogs batting - Pitching for El Paso Texans : RHP Fernando Guzmán
|
Batting: SHB Juan Soriano
|
0-0: Foul Ball, location: 2F 0-1: Swinging Strike 0-2: Strikes out swinging
|
Batting: RHB Júlio Contreras
|
0-0: Called Strike 0-1: Foul Ball, location: 2F 0-2: Strikes out swinging
|
Batting: RHB Ramón Gómez
|
0-0: Called Strike 0-1: Ball 1-1: Ball 2-1: Ball 3-1: Fly out, F9 (Flyball, 9D)
|
Bottom of the 2nd over - 0 run(s), 0 hit(s), 0 error(s), 0 left on base; El Paso 1 - Savannah 0 |
TOP OF THE 3RD |
El Paso Texans batting - Pitching for Savannah Hogs : RHP Landon Bailey
|
Batting: SHB Miguel Hurtado
|
0-0: Called Strike 0-1: Ball 1-1: Ball 2-1: Ball 3-1: Foul Ball, location: 2F 3-2: Base on Balls
|
Batting: LHB Mark Spencer
|
0-0: Called Strike 0-1: Foul Ball, location: 2F 0-2: Ball 1-2: Ball 2-2: SINGLE (Groundball, 34D) Miguel Hurtado to second Runner from 2nd tries for 3rd, SAFE, throw made to third
|
Batting: RHB Cole Boehmer
|
0-0: Ball 1-0: SINGLE (Line Drive, 78S) Miguel Hurtado scores Mark Spencer to second
|
Batting: RHB Marvin Johnson
|
0-0: Called Strike 0-1: Ball 1-1: Ball 2-1: Fly out, F9 (Flyball, 9S)
|
Batting: RHB Rafael Crus
|
0-0: Called Strike 0-1: Called Strike 0-2: Strikes out swinging
|
Batting: LHB John Fitzgerald
|
0-0: Called Strike 0-1: Ball 1-1: Ball 2-1: Ball 3-1: Base on Balls Mark Spencer to third Cole Boehmer to second
|
Batting: RHB Javier Álvarez
|
0-0: Ball 1-0: Ball 2-0: Ball 3-0: Base on Balls Mark Spencer scores Cole Boehmer to third John Fitzgerald to second
|
Batting: RHB Andrew O'Dell
|
0-0: Ball 1-0: Ball 2-0: Ground out 5-3 (Groundball, 56S)
|
Top of the 3rd over - 2 run(s), 2 hit(s), 0 error(s), 3 left on base; El Paso 3 - Savannah 0 |
BOTTOM OF THE 3RD |
Savannah Hogs batting - Pitching for El Paso Texans : RHP Fernando Guzmán
|
Batting: RHB Luis González
|
0-0: Called Strike 0-1: Ball 1-1: Ball 2-1: DOUBLE (Line Drive, 89D)
|
Batting: RHB Miguel Cervantes
|
0-0: Foul Ball, location: 2F 0-1: Fly out, F9 (Flyball, 9S)
|
Batting: LHB Felipe Franco
|
0-0: Called Strike 0-1: Ball 1-1: Foul Ball, location: 2F 1-2: Strikes out looking
|
Batting: LHB Robin Hill
|
0-0: Ball 1-0: Foul Ball, location: 2F 1-1: Ball 2-1: Foul Ball, location: 2F 2-2: Ball 3-2: Foul Ball, location: 2F 3-2: Fly out, F6 (Popup, 6MD)
|
Bottom of the 3rd over - 0 run(s), 1 hit(s), 0 error(s), 1 left on base; El Paso 3 - Savannah 0 |
TOP OF THE 4TH |
El Paso Texans batting - Pitching for Savannah Hogs : RHP Landon Bailey
|
Batting: RHB Gabriel Santana
|
0-0: Ball 1-0: Ball 2-0: Ball 3-0: Base on Balls
|
Batting: SHB Miguel Hurtado
|
0-0: Called Strike 0-1: Ball 1-1: Called Strike 1-2: Ball 2-2: Strikes out swinging
|
Batting: LHB Mark Spencer
|
0-0: Foul Ball, location: 2F 0-1: Ball 1-1: Ball 2-1: Ball 3-1: Base on Balls Gabriel Santana to second
|
Batting: RHB Cole Boehmer
|
0-0: Foul Ball, location: 2F 0-1: SINGLE (Line Drive, 78S) Gabriel Santana to third Mark Spencer to second Runner from 3rd tries for Home, SAFE, throw made home Mark Spencer to third Cole Boehmer to second
|
Batting: RHB Marvin Johnson
|
0-0: Fly out, F9 (Flyball, 9LSF) Runner from 3rd tags up, SCORES, no throw
|
Batting: RHB Rafael Crus
|
0-0: Called Strike 0-1: SINGLE (Groundball, 34S) (infield hit) Cole Boehmer to third
|
Batting: LHB John Fitzgerald
|
0-0: Ball 1-0: Ball 2-0: Ground out 3-1 (Groundball, 3)
|
Top of the 4th over - 2 run(s), 2 hit(s), 0 error(s), 2 left on base; El Paso 5 - Savannah 0 |
BOTTOM OF THE 4TH |
Savannah Hogs batting - Pitching for El Paso Texans : RHP Fernando Guzmán
|
Batting: RHB Jorge Chávez
|
0-0: SINGLE (Groundball, 5D)
|
Batting: RHB Henry Haines
|
0-0: Called Strike 0-1: Called Strike 0-2: Strikes out looking
|
Batting: SHB Juan Soriano
|
0-0: Ball Jorge Chávez steals 2nd base 1-0: Ball 2-0: Fly out, F8 (Flyball, 89XD) Runner from 2nd tags up, SAFE at 3rd, no throw
|
Batting: RHB Júlio Contreras
|
0-0: Ground out 6-3 (Groundball, 6S)
|
Bottom of the 4th over - 0 run(s), 1 hit(s), 0 error(s), 1 left on base; El Paso 5 - Savannah 0 |
TOP OF THE 5TH |
El Paso Texans batting - Pitching for Savannah Hogs : RHP Landon Bailey
|
Pitching: RHP Kelly Woodside
|
|
Batting: RHB Javier Álvarez
|
0-0: Called Strike 0-1: Foul Ball, location: 2F 0-2: Foul Ball, location: 2F 0-2: Strikes out swinging
|
Batting: RHB Andrew O'Dell
|
0-0: Ball 1-0: Called Strike 1-1: Called Strike 1-2: Foul Ball, location: 2F 1-2: Ball 2-2: SINGLE (Groundball, 56S) (infield hit)
|
Batting: RHB Gabriel Santana
|
0-0: Called Strike 0-1: Fielders Choice at 2nd, 4-6 (Groundball, 4M)
|
Batting: SHB Miguel Hurtado
|
0-0: SINGLE (Groundball, 6D) Gabriel Santana to second
|
Batting: LHB Mark Spencer
|
0-0: Called Strike 0-1: Ball 1-1: Ball 2-1: Foul Ball, location: 2F 2-2: SINGLE (Line Drive, 89S) Gabriel Santana to third Miguel Hurtado to second Runner from 3rd tries for Home, SAFE, no throw
|
Batting: RHB Cole Boehmer
|
0-0: Called Strike 0-1: Ball 1-1: Ball 2-1: Fly out, F8 (Flyball, 89D)
|
Top of the 5th over - 1 run(s), 3 hit(s), 0 error(s), 2 left on base; El Paso 6 - Savannah 0 |
BOTTOM OF THE 5TH |
Savannah Hogs batting - Pitching for El Paso Texans : RHP Fernando Guzmán
|
Batting: RHB Ramón Gómez
|
0-0: Ball 1-0: SINGLE (Groundball, 34D)
|
Batting: RHB Luis González
|
0-0: Called Strike 0-1: Fly out, F8 (Flyball, 8LS)
|
Batting: RHB Miguel Cervantes
|
0-0: Ball Ramón Gómez steals 2nd base 1-0: Foul Ball, location: 2F 1-1: Ball 2-1: Foul Ball, location: 2F 2-2: Foul Ball, location: 2F 2-2: Ball 3-2: Foul Ball, location: 2F 3-2: Strikes out looking
|
Batting: LHB Felipe Franco
|
0-0: Ball 1-0: Ball 2-0: Called Strike 2-1: Ball 3-1: Called Strike 3-2: Base on Balls
|
Batting: LHB Robin Hill
|
0-0: Swinging Strike 0-1: Foul Ball, location: 2F 0-2: Foul Ball, location: 2F 0-2: SINGLE (Groundball, 6MD) Ramón Gómez to third Felipe Franco to second Runner from 3rd tries for Home, SAFE, no throw
|
Batting: RHB Jorge Chávez
|
0-0: Ball 1-0: Ball 2-0: Swinging Strike 2-1: Swinging Strike 2-2: Ball 3-2: Strikes out looking
|
Bottom of the 5th over - 1 run(s), 2 hit(s), 0 error(s), 2 left on base; El Paso 6 - Savannah 1 |
TOP OF THE 6TH |
El Paso Texans batting - Pitching for Savannah Hogs : RHP Kelly Woodside
|
Batting: RHB Marvin Johnson
|
0-0: Ball 1-0: Foul Ball, location: 2F 1-1: Single, Error in OF, E9, batter to second base
|
Batting: RHB Rafael Crus
|
0-0: Ball 1-0: Ground out 4-3 (Groundball, 4) Marvin Johnson to third
|
Batting: LHB John Fitzgerald
|
0-0: Called Strike 0-1: Ball 1-1: DOUBLE (Flyball, 89M) Marvin Johnson scores
|
Batting: RHB Javier Álvarez
|
0-0: Ball 1-0: Called Strike 1-1: Foul Ball, location: 2F 1-2: Ground out 4-3 (Groundball, 4M) John Fitzgerald to third
|
Batting: RHB Andrew O'Dell
|
0-0: Swinging Strike 0-1: SINGLE (Groundball, 4MD) John Fitzgerald scores
|
Pitching: RHP William Gallegos
|
|
Batting: RHB Gabriel Santana
|
0-0: Called Strike 0-1: Ball 1-1: Ball 2-1: Swinging Strike 2-2: Strikes out swinging
|
Top of the 6th over - 2 run(s), 3 hit(s), 1 error(s), 1 left on base; El Paso 8 - Savannah 1 |
BOTTOM OF THE 6TH |
Savannah Hogs batting - Pitching for El Paso Texans : RHP Fernando Guzmán
|
Batting: RHB Henry Haines
|
0-0: Called Strike 0-1: Fly out, F4 (Popup, 34D)
|
Batting: SHB Juan Soriano
|
0-0: Called Strike 0-1: Ball 1-1: Ball 2-1: Fly out, F7 (Flyball, 7LS)
|
Batting: RHB Júlio Contreras
|
0-0: Called Strike 0-1: Ball 1-1: Foul Ball, location: 2F 1-2: Foul Ball, location: 2F 1-2: Ball 2-2: Fly out, F7 (Flyball, 7S)
|
Bottom of the 6th over - 0 run(s), 0 hit(s), 0 error(s), 0 left on base; El Paso 8 - Savannah 1 |
TOP OF THE 7TH |
El Paso Texans batting - Pitching for Savannah Hogs : RHP William Gallegos
|
Batting: SHB Miguel Hurtado
|
0-0: Ball 1-0: Foul Ball, location: 2F 1-1: Foul Ball, location: 2F 1-2: Ball 2-2: Strikes out swinging
|
Batting: LHB Mark Spencer
|
0-0: Ball 1-0: Called Strike 1-1: Ball 2-1: Called Strike 2-2: Ball 3-2: Strikes out looking
|
Batting: RHB Cole Boehmer
|
0-0: Foul Ball, location: 2F 0-1: Ball 1-1: Foul Ball, location: 2F 1-2: Ball 2-2: Fly out, F8 (Flyball, 8LM)
|
Top of the 7th over - 0 run(s), 0 hit(s), 0 error(s), 0 left on base; El Paso 8 - Savannah 1 |
BOTTOM OF THE 7TH |
Savannah Hogs batting - Pitching for El Paso Texans : RHP Fernando Guzmán
|
Pitching: RHP Mike Church
|
|
Batting: RHB Ramón Gómez
|
0-0: Ball 1-0: Called Strike 1-1: Ground out 6-3 (Groundball, 6)
|
Batting: RHB Luis González
|
0-0: Ball 1-0: Fly out, F8 (Flyball, 89S)
|
Batting: RHB Miguel Cervantes
|
0-0: Ball 1-0: Called Strike 1-1: Foul Ball, location: 2F 1-2: Ground out 6-3 (Groundball, 56)
|
Bottom of the 7th over - 0 run(s), 0 hit(s), 0 error(s), 0 left on base; El Paso 8 - Savannah 1 |
TOP OF THE 8TH |
El Paso Texans batting - Pitching for Savannah Hogs : RHP William Gallegos
|
Batting: RHB Marvin Johnson
|
0-0: Ground out 6-3 (Groundball, 6)
|
Batting: RHB Rafael Crus
|
0-0: Foul Ball, location: 2F 0-1: Hit by Pitch
|
Batting: LHB John Fitzgerald
|
0-0: Ball 1-0: Swinging Strike 1-1: Fly out, F7 (Flyball, 7LSF)
|
Batting: RHB Javier Álvarez
|
0-0: Ball 1-0: Called Strike 1-1: Fielders Choice at 2nd, 6-4 (Groundball, 6)
|
Top of the 8th over - 0 run(s), 0 hit(s), 0 error(s), 0 left on base; El Paso 8 - Savannah 1 |
BOTTOM OF THE 8TH |
Savannah Hogs batting - Pitching for El Paso Texans : RHP Mike Church
|
Batting: LHB Felipe Franco
|
0-0: Ball 1-0: Ball 2-0: Ball 3-0: Base on Balls
|
Batting: LHB Robin Hill
|
0-0: Ball 1-0: Ball 2-0: Ball 3-0: Called Strike 3-1: Foul Ball, location: 2F 3-2: Foul Ball, location: 2F 3-2: Base on Balls Felipe Franco to second
|
Batting: RHB Jorge Chávez
|
0-0: Ball 1-0: Called Strike 1-1: Foul Ball, location: 2F 1-2: Ball 2-2: Fly out, F8 (Flyball, 8RXD) Runner from 2nd tags up, SAFE at 3rd, no throw
|
Batting: RHB Henry Haines
|
0-0: Ball 1-0: Swinging Strike 1-1: Foul Ball, location: 2F 1-2: Foul Ball, location: 2F 1-2: Strikes out swinging
|
Batting: SHB Juan Soriano
|
0-0: Foul Ball, location: 2F 0-1: Foul Ball, location: 2F 0-2: Ball 1-2: Ball 2-2: Ball 3-2: Strikes out looking
|
Bottom of the 8th over - 0 run(s), 0 hit(s), 0 error(s), 2 left on base; El Paso 8 - Savannah 1 |
TOP OF THE 9TH |
El Paso Texans batting - Pitching for Savannah Hogs : RHP William Gallegos
|
Batting: RHB Andrew O'Dell
|
0-0: Fly out, F8 (Line Drive, 8LM)
|
Batting: RHB Gabriel Santana
|
0-0: Ground out 4-3 (Groundball, 4)
|
Batting: SHB Miguel Hurtado
|
0-0: Ball 1-0: Foul Ball, location: 2F 1-1: Ball 2-1: Foul Ball, location: 2F 2-2: Strikes out looking
|
Top of the 9th over - 0 run(s), 0 hit(s), 0 error(s), 0 left on base; El Paso 8 - Savannah 1 |
BOTTOM OF THE 9TH |
Savannah Hogs batting - Pitching for El Paso Texans : RHP Mike Church
|
Pitching: LHP Mark De Jesús
|
|
Batting: RHB Júlio Contreras
|
0-0: Fly out, F8 (Line Drive, 8RM)
|
Batting: RHB Ramón Gómez
|
0-0: Ball 1-0: Ball 2-0: Called Strike 2-1: SINGLE (Groundball, 56D)
|
Batting: RHB Luis González
|
0-0: Ball 1-0: SINGLE (Flyball, 89S) Ramón Gómez to second Runner from 2nd tries for 3rd, SAFE, no throw
|
Batting: RHB Miguel Cervantes
|
0-0: Ball 1-0: Called Strike 1-1: Foul Ball, location: 2F 1-2: Strikes out swinging
|
Batting: LHB Felipe Franco
|
0-0: Swinging Strike 0-1: Fly out, F4 (Popup, 3D)
|
Bottom of the 9th over - 0 run(s), 2 hit(s), 0 error(s), 2 left on base; El Paso 8 - Savannah 1 |
|